 Dungeon Crawl Stone Soup version 0.30.0 (webtiles) character file.

Game seed: 11208061517942266220

580042 Caliliti the Conqueror (level 27, -13/300 HPs)
             Began as a Hill Orc Fighter on Oct 26, 2023.
             Was an Elder of Okawaru.
             Mangled by Ocodducs the pandemonium lord (21 damage)
             ... on level 5 of the Realm of Zot on Oct 31, 2023.
             The game lasted 08:37:34 (60553 turns).

Caliliti the Conqueror (Hill Orc Fighter)          Turns: 60553, Time: 08:37:34

Health: -13/300    AC: 54    Str: 27 (29) XL:     27
Magic:  29/42      EV: 11    Int: 10 (16) God:    Okawaru [****..]
Gold:   6238       SH: 29    Dex: 15 (16) Spells: 38/38 levels left

rFire   + . .        D - +8 war axe of the Bear {speed, Will+ Str-2 Int+2}
rCold   + + .        z - +3 tower shield {AC+3}
rNeg    . . .        S - +11 gold dragon scales
rPois   +            n - +2 hat of Activism {+Blink rElec Regen+}
rElec   +            E - +4 dragonskin cloak
rCorr   +            X - +3 pair of gauntlets of War {Slay+5}
SInv    +            V - +2 pair of boots {Fly}
Will    +++++        B - amulet of regeneration Stlth
                     R - ring "Sunos" {rElec Will+ MP+9 SInv}
HPRegen 2.30/turn    u - ring "Duaph" {rC+ Will+ rCorr Int+6 Dex+4}
MPRegen 0.28/turn

%: no passive effects
@: finesse-ful, flying, glowing, studying 3 skills, silenced, unable to read
A: large bone plates 2, deterioration 2, robust 1, inability to read after
injury 1, MP-powered wands
0: Orb of Zot
}: 3/15 runes: serpentine, barnacled, silver
a: Renounce Religion, Evoke Blink


You were on level 5 of the Realm of Zot.
You worshipped Okawaru.
Okawaru was greatly pleased with you.
You visited 10 branches of the dungeon, and saw 48 of its levels.
You also visited: Bailey, Gauntlet and Desolation.

You collected 8985 gold pieces.
You spent 2747 gold pieces at shops.

Inventory:

Hand Weapons
 w - a +5 heavy executioner's axe
 A - the +8 broad axe of Kuemon {heavy, Str+3}
   (Okawaru gifted it to you on level 2 of the Realm of Zot)

   Str:       It affects your strength (+3).
 D - the +8 war axe of the Bear (weapon) {speed, Will+ Str-2 Int+2}
   (Okawaru gifted it to you on level 1 of the Snake Pit)

   Str:       It affects your strength (-2).
   Int:       It affects your intelligence (+2).
   Will:      It increases your willpower.
Missiles
 a - 12 silver javelins (quivered)
 c - 13 curare-tipped darts
 d - 21 boomerangs of dispersal
 q - 22 javelins
 Y - 47 boomerangs
Armour
 b - the +9 plate armour of Pusof {rF+ rCorr Int-3 Stlth+}
   (You bought it in a shop on level 2 of the Orcish Mines)

   Int:       It affects your intelligence (-3).
   rF:        It protects you from fire.
   rCorr:     It protects you from acid and corrosion.
   Stlth:     It makes you more stealthy.
 h - a +2 cloak of poison resistance
 i - a +1 kite shield of fire resistance
 j - the +0 pair of gloves "Zotouweeps" {rN+ Int+3 Dex+3}
   (You found it in the Desolation of Salt)

   Int:       It affects your intelligence (+3).
   Dex:       It affects your dexterity (+3).
   rN:        It protects you from negative energy.
 n - the +2 hat of Activism (worn) {+Blink rElec Regen+}
   (Okawaru gifted it to you on level 4 of the Shoals)

   rElec:     It insulates you from electricity.
   +Blink:    It lets you blink.
   Regen:     It increases your rate of health regeneration.
 o - the +8 storm dragon scales of Gyceth {rElec rN+ rCorr}
   (Okawaru gifted it to you on level 2 of the Lair of Beasts)

   rElec:     It insulates you from electricity.
   rN:        It protects you from negative energy.
   rCorr:     It protects you from acid and corrosion.
 s - a +2 cloak of preservation
 z - a +3 tower shield of protection (worn)
 E - the +4 dragonskin cloak (worn)
   (You took it off Tiamat on level 3 of the Realm of Zot)

   Avatar's Aegis: It grants the wearer a chance to resist fire, cold, poison,
   electricity, acid, and negative energy.
 I - the +1 kite shield of the Vacuum {Regen+}
   (You acquired it on level 3 of the Snake Pit)

   Regen:     It increases your rate of health regeneration.
 Q - the +0 cloak "Soase" {rF- rN++}
   (You found it on level 5 of the Vaults)

   rF:        It makes you vulnerable to fire.
   rN:        It greatly protects you from negative energy.
 S - +11 gold dragon scales (worn)
 T - a +2 cloak of willpower
 V - a +2 pair of boots of flying (worn)
 X - the +3 pair of gauntlets of War (worn) {Slay+5}
   (You found it in a Gauntlet)

   Slay:      It affects your accuracy & damage with ranged weapons and melee
   (+5).
Jewellery
 m - the ring of Ascent {rF+ rC+}
   (You found it on level 5 of the Vaults)

   [ring of protection from cold]

   rF:        It protects you from fire.
   rC:        It protects you from cold.
 r - the ring of the Firefly {rF+ Will+ Dex-2 SInv}
   (You found it in the Desolation of Salt)

   [ring of see invisible]

   Dex:       It affects your dexterity (-2).
   rF:        It protects you from fire.
   SInv:      It lets you see invisible.
   Will:      It increases your willpower.
 u - the ring "Duaph" (right hand) {rC+ Will+ rCorr Int+6 Dex+4}
   (You found it on level 2 of the Snake Pit)

   [ring of intelligence]

   Int:       It affects your intelligence (+6).
   Dex:       It affects your dexterity (+4).
   rC:        It protects you from cold.
   rCorr:     It protects you from acid and corrosion.
   Will:      It increases your willpower.
 B - an amulet of regeneration (around neck)
 H - the ring of the Shining Light {rElec rCorr Str+6 Int-4 Slay+3}
   (You found it on level 3 of the Realm of Zot)

   [ring of resist corrosion]

   Str:       It affects your strength (+6).
   Int:       It affects your intelligence (-4).
   Slay:      It affects your accuracy & damage with ranged weapons and melee
   (+3).
   rElec:     It insulates you from electricity.
   rCorr:     It protects you from acid and corrosion.
 M - a ring of positive energy
 R - the ring "Sunos" (left hand) {rElec Will+ MP+9 SInv}
   (You found it in the Desolation of Salt)

   [ring of magical power]

   rElec:     It insulates you from electricity.
   MP:        It affects your magic capacity (+9).
   SInv:      It lets you see invisible.
   Will:      It increases your willpower.
 U - an amulet of reflection
Wands
 t - a wand of mindburst (30)
 v - a wand of quicksilver (3)
 y - a wand of flame (16)
 F - a wand of paralysis (69)
 N - a wand of iceblast (52)
 O - a wand of digging (19)
Scrolls
 e - 27 scrolls of teleportation
 l - 2 scrolls of fear
 x - 2 scrolls of blinking
 P - 4 scrolls of fog
Potions
 f - 19 potions of curing
 g - 5 potions of heal wounds
 k - 2 potions of might
 p - 15 potions of haste
 G - 2 potions of ambrosia
 L - 6 potions of cancellation
 Z - 2 potions of berserk rage
Miscellaneous
 C - a phial of floods
 J - a lightning rod (4/4)


   Skills:
 O Level 27 Fighting
 + Level 25.0 Axes
 + Level 14.0 Throwing
 + Level 20.9 Armour
 - Level 13.0 Dodging
 - Level 12.0 Stealth
 + Level 18.1 Shields
 + Level 6.4 Spellcasting
 + Level 7.0 Translocations
 + Level 4.5 Transmutations
 - Level 14.0 Invocations
 + Level 17.7 Evocations


You had 38 spell levels left.
You didn't know any spells.
Your spell library contained the following spells:

 Spells                   Type           Power      Damage    Failure   Level
 Apportation              Tloc           34%        N/A       22%         1
 Blink                    Tloc           34%        N/A       34%         2
 Lesser Beckoning         Tloc           34%        N/A       34%         2
 Gell's Gravitas          Tloc           17%        N/A       56%         3
 Teleport Other           Tloc           17%        N/A       56%         3
 Sting                    Tmut/Pois      28%        1d4       86%         1
 Manifold Assault         Tloc           17%        N/A       92%         4
 Passwall                 Tmut/Erth      5%         N/A       94%         2
 Vhi's Electric Charge    Tloc/Air       20%        N/A       96%         3
 Volatile Blastmotes      Fire/Tloc      20%        2d11      96%         3
 Necrotise                Necr           12%        1d4       99%         1
 Sandblast                Erth           6%         2d5       99%         1
 Shock                    Conj/Air       12%        1d3       99%         1
 Slow                     Hex            12%        N/A       99%         1
 Cigotuvi's Dreadful Rot  Necr/Pois/Air  6%         N/A       99%         2
 Poisonous Vapours        Pois/Air       6%         N/A       99%         2
 Scorch                   Fire           6%         2d5       99%         2
 Static Discharge         Conj/Air       6%         2-3/arc   99%         2
 Sublimation of Blood     Necr           3%         N/A       99%         2
 Confusing Touch          Hex            3%         N/A       100%        3
 Dazzling Flash           Conj/Hex       6%         N/A       100%        3
 Inner Flame              Hex/Fire       3%         N/A       100%        3
 Vampiric Draining        Necr           3%         2d6       100%        3
 Airstrike                Air            1%         2d(1-17)  100%        4
 Dispel Undead            Necr           3%         3d7       100%        4
 Iskenderun's Mystic Bla  Conj/Tloc      10%        2d4       100%        4
 Olgreb's Toxic Radiance  Pois           3%         N/A       100%        4
 Petrify                  Tmut/Erth      7%         N/A       100%        4
 Agony                    Necr           3%         N/A       100%        5
 Alistair's Intoxication  Tmut/Pois      4%         N/A       100%        5
 Arcjolt                  Conj/Air       1%         1d11      100%        5
 Blade Hands              Tmut           6%         N/A       100%        5
 Borgnjor's Vile Clutch   Necr/Erth      1%         N/A       100%        5
 Irradiate                Conj/Tmut      3%         3d12      100%        5
 Iskenderun's Battlesphe  Conj           3%         2d6       100%        5
 Yara's Violent Unravell  Hex/Tmut       3%         3d4       100%        5
 Dispersal                Tloc           8%         N/A       100%        6
 Iron Shot                Conj/Erth      1%         9d1       100%        6
 Plasma Beam              Fire/Air       1%         2x1d12    100%        6
 Starburst                Conj/Fire      1%         6d3       100%        6
 Statue Form              Tmut/Erth      4%         N/A       100%        6
 Dragon Form              Tmut           6%         N/A       100%        7
 Enfeeble                 Hex            1%         N/A       100%        7
 Storm Form               Tmut/Air       3%         N/A       100%        7
 Lehudib's Crystal Spear  Conj/Erth      1%         10d2      100%        8
 Animate Dead             Necr           Unusable   N/A       N/A         4
 Summon Lightning Spire   Summ/Air       Unusable   N/A       N/A         4
 Death Channel            Necr           Unusable   N/A       N/A         6

Dungeon Overview and Level Annotations

Branches:
Dungeon (15/15)            Temple (1/1) D:5            Lair (5/5) D:9
 Shoals (4/4) Lair:2        Snake (4/4) Lair:2        Slime (0/5) Lair:4
    Orc (2/2) D:11            Elf (3/3) Orc:2        Vaults (5/5) D:14
  Crypt (0/3) Vaults:3     Depths (4/4) D:15            Zot (5/5) Depths:4
 Bailey (visited)         Desolation (visited)      Gauntlet (visited)

Altars:
Ashenzari
Dithmenos
Elyvilon
Fedhas
Gozag
Hepliaklqana
Kikubaaqudgha
Makhleb
Nemelex Xobeh
Okawaru
Qazlal
Ru
Sif Muna
Uskayaw
Vehumet
Wu Jian
Xom
Yredelemnul
Zin
The Shining One
Beogh
Jiyva
Lugonu

Shops:
Orc:2 (!*[[   Elf:1 :==?(   Elf:2 [   Vaults:2 :   Vaults:5 ??!??!

Portals:
Hell: Depths:1 Depths:2 Depths:3 Depths:4
Abyss: Depths:1 Depths:2 Depths:3
Pandemonium: Depths:2 Depths:3
Ziggurat: Depths:1


Innate Abilities, Weirdness & Mutations

You are mostly covered in large bone plates. (SH +6)
Your body often deteriorates upon taking damage.
You are robust. (+10% HP)
You occasionally lose the ability to read scrolls when taking damage.
You expend magic power (3 MP) to strengthen your wands.


Message History

You barely miss Ocodducs.
Ocodducs is almost dead.
You hit the Killer Klown. You hit Fuzxafra but do no damage.
You barely miss the purple draconian. The Killer Klown pies you viciously!
The klown pie misses you.
You block the purple draconian's attack.
You slash Ocodducs!
Ocodducs is almost dead.
You hit the purple draconian. You closely miss the Killer Klown.
You slash Fuzxafra! Ocodducs hits you but does no damage.
You hit Ocodducs.
Ocodducs is almost dead.
You hit Fuzxafra but do no damage.
You hit the purple draconian but do no damage.
You slash the Killer Klown!
You kill the Killer Klown!
Okawaru accepts your kill. Fuzxafra hits you!
* * * LOW HITPOINT WARNING * * *
A seraph comes into view.
It is wielding a +8 great sword of flaming.
You closely miss Ocodducs.
Ocodducs is almost dead.
You hit Fuzxafra but do no damage. You slice the purple draconian!!
You kill the purple draconian!
Okawaru accepts your kill. The ghost moth stares at you.
You feel your power leaking away. You block Ocodducs's attack.
You slash Ocodducs!
Ocodducs is almost dead.
You hit the Orb Guardian but do no damage.
You hit Fuzxafra but do no damage.
The seraph gestures.
The seraph begins to accept its allies' injuries.
You slice Ocodducs!!
Ocodducs is almost dead.
You completely miss the Orb Guardian. You hit Fuzxafra but do no damage.
Ocodducs hits you!!
You die...

#...........#
#...........# ^
##...........## ..
#.............# ...
##........(....#
....
##...............
.....
###...###########..
....d*##&)&.## ##.
..AyLXL.X@### ##
▓▓▓▓▓▓▓▓▓▓# # ##
▓▓▓▓▓▓▓▓▓ #.
▓▓.......▓▓▓. .
▓▓.^.......▓▓.
..!.▓...)..^....▓.


You could see a seraph, Fuzxafra (silencing, unsilenced), Ocodducs (sheltered),
an orb of fire (sheltered, unsilenced), 2 ancient liches, a black draconian
(sheltered), 2 Orb Guardians and a ghost moth (invisible, sheltered).

Vanquished Creatures
  Tiamat (Zot:3)
  An ancient lich (Zot:5)
  A dread lich (Vaults:5)
  4 orbs of fire
  Bai Suzhen (Shoals:4)
  Parghit (Zot:3)
  Saint Roka (Elf:3)
  Boris (Vaults:5)
  Xtahua (Depths:3)
  8 Killer Klowns (Zot:5)
  Vashnia (Snake:3)
  A curse toe (Arena)
  3 caustic shrikes (Depths:4)
  9 golden dragons
  A bone dragon (Depths:4)
  A Tzitzimitl (Zot:5)
  4 electric golems
  16 tentacled monstrosities
  Jorgrun (Shoals:1)
  21 Orb Guardians (Zot:5)
  An Ice Fiend (Arena)
  3 deep elf blademasters
  7 quicksilver dragons
  15 titans
  3 liches
  Asterion (Snake:4)
  2 deep elf master archers (Elf:3)
  Polyphemus (Shoals:2)
  4 krakens
  9 death cobs
  2 tengu reavers
  Frances (Shoals:2)
  Donald (Elf:3)
  The ghost of Sagen the Devastator, an adept DrCj of Vehumet (Snake:3)
  6 sphinxes
  7 shadow dragons
  Roxanne (Shoals:1)
  8 draconian monks
  5 nagarajas
  12 storm dragons
  6 draconian knights
  A balrug (Depths:3)
  7 fire giants
  2 iron dragons (Vaults:5)
  7 deep elf sorcerers
  14 frost giants
  5 draconian scorchers
  14 vault wardens
  3 draconian shifters
  2 ghost moths
  3 imperial myrmidons (Desolation)
  6 deep elf elementalists
  Aizul (Shoals:1)
  Louise (Shoals:3)
  3 orc warlords
  20 ironbound preservers
  3 draconian annihilators
  2 draconian stormcallers
  A spriggan defender (Depths:3)
  3 ironbound thunderhulks
  11 very ugly things
  6 deep elf demonologists
  14 stone giants
  8 green draconians
  A minotaur (Gauntlet)
  2 vampire knights
  6 deep elf annihilators
  9 red draconians
  18 purple draconians
  7 yellow draconians
  5 black draconians
  13 dire elephants
  7 white draconians
  5 merfolk javelineers
  10 merfolk impalers
  11 deep elf death magi
  3 deep elf high priests
  7 ettins
  4 crystal guardians (Desolation)
  9 ragged hierophants
  An entropy weaver (Vaults:3)
  9 yaktaur captains
  6 fire dragons
  A spriggan zombie (Depths:1)
  29 vault guards
  15 great orbs of eyes
  3 rakshasas
  9 peacekeepers
  2 salamander tyrants (Snake:4)
  An ogre mage (Vaults:5)
  13 servants of whispers (Desolation)
  11 ice dragons
  2 spriggan air magi
  Harold (D:10)
  Fannar (D:12)
  2 hydras (Lair:5)
  3 alligator snapping turtles
  17 anacondas
  5 ironbound frosthearts
  4 catoblepae
  9 centaur warriors
  7 boulder beetles
  6 merfolk avatars
  27 dancing weapons
  A death knight (D:14)
  4 merfolk aquamancers
  4 two-headed ogres
  17 death yaks
  2 vampire magi
  5 satyrs
  A death scarab (Gauntlet)
  5 tengu warriors
  10 spriggan berserkers
  16 naga warriors
  11 deep troll shamans
  15 deep troll earth magi
  5 shock serpents
  A shock serpent (shapeshifter) (Vaults:2)
  15 naga sharpshooters
  11 deep elf knights
  Nergalle (D:10)
  17 hell knights
  A soul eater (Depths:2)
  A spectral death yak (Gauntlet)
  Sonja (D:11)
  4 salamander mystics
  A skyshark (shapeshifter) (Vaults:5)
  7 skysharks
  5 iron trolls
  7 skeletal warriors
  A sixfirhy (Gauntlet)
  3 glowing orange brains
  13 sea snakes
  55 deep trolls
  A deep troll (shapeshifter) (Elf:2)
  4 wizards
  3 lindwurms (Vaults:2)
  A flayed ghost (Depths:3)
  5 phantasmal warriors
  23 ironbound convokers
  4 naga ritualists
  12 deep elf archers
  18 harpies
  A tengu zombie (Depths:1)
  5 necromancers
  A large abomination (Zot:5)
  A mana viper (shapeshifter) (Depths:4)
  4 orc sorcerers
  24 deep elf zephyrmancers
  10 manticores
  22 ugly things
  11 orc knights
  27 fauns
  A cyclops (shapeshifter) (Vaults:5)
  14 deep elf pyromancers
  An iron dragon zombie (Depths:1)
  7 cyclopes
  5 oklob plants
  A tengu skeleton (Vaults:3)
  4 mana vipers
  3 stone giant skeletons
  17 elephants
  17 salamanders
  An iron dragon skeleton (Vaults:3)
  31 moths of wrath
  18 vault sentinels
  21 guardian serpents
  3 frost giant skeletons (Vaults:3)
  23 black mambas
  5 water nymphs
  A black mamba (shapeshifter) (Depths:3)
  10 merfolk sirens
  3 rust devils (Depths:3)
  14 cane toads
  18 naga magi
  4 smoke demons (Zot:5)
  The ghost of PiratePeteNZ the Shield-Bearer, a novice FoFi (D:5)
  4 molten gargoyles (Desolation)
  An unseen horror (D:12)
  5 rime drakes
  Psyche (D:10)
  14 yaktaurs
  An efreet (D:14)
  Maggie (D:10)
  A kobold demonologist (D:13)
  2 freezing wraiths
  6 komodo dragons
  3 tengu conjurers (Depths:3)
  2 merfolk (shapeshifter) (Vaults:5)
  An ice devil (Zot:5)
  5 polar bears
  2 yaktaur skeletons (Vaults:3)
  5 trolls
  7 wind drakes
  39 merfolk
  Grinder (D:3)
  98 saltlings
  10 hornets
  An ettin zombie (Depths:1)
  A meliai (shapeshifter) (D:15)
  2 hellwings (Zot:5)
  Prince Ribbit (D:6)
  8 blink frogs
  5 dream sheep
  8 snapping turtles
  A culicivora (shapeshifter) (Vaults:5)
  Sigmund (D:2)
  50 slime creatures
  An air elemental (Elf:3)
  3 centaur simulacra (Gauntlet)
  4 wyverns
  A shadow (D:10)
  A ynoxinul (Depths:3)
  2 ettin skeletons (Vaults:3)
  A hog (shapeshifter) (Elf:2)
  15 spriggans
  3 wraiths
  A fire elemental (Elf:1)
  17 water elementals
  35 yaks
  7 basilisks
  2 redbacks (Vaults:3)
  14 vampire mosquitoes
  A steam dragon (D:10)
  A harpy simulacrum (Gauntlet)
  Menkaure (D:6)
  Edmund (D:6)
  A redback simulacrum (Gauntlet)
  A redback (shapeshifter) (Vaults:5)
  9 wargs
  2 acid dragons (D:13)
  An acid dragon (shapeshifter) (D:14)
  An elf skeleton (Vaults:3)
  40 nagas
  The ghost of rundlesten the Sneak, an amateur OpHW (D:4)
  18 water moccasins
  2 floating eyes
  A sky beast (D:8)
  A floating eye (shapeshifter) (Vaults:5)
  3 glowing shapeshifter skeletons (Vaults:3)
  42 orc warriors
  2 ice beasts (D:6)
  8 black bears
  4 ogres
  15 centaurs
  8 boggarts
  24 wolves
  3 phantoms
  A human skeleton (Vaults:3)
  4 kobold brigands
  13 bullfrogs
  5 gnoll sergeants
  An earth elemental (Elf:3)
  3 scorpions
  8 wights (D:8)
  17 killer bees
  5 howler monkeys
  4 electric eels (Snake:2)
  A bullfrog zombie (D:4)
  2 lava snakes (Lair:2)
  2 jellies
  6 hounds
  8 orc priests
  A gnoll bouda (D:8)
  A bullfrog skeleton (D:4)
  Jessica (D:3)
  7 iguanas
  2 sleepcaps (D:5)
  Terence (D:3)
  Natasha (thrice) (D:3)
  Ijyb (D:3)
  6 hell rats (Lair:1)
  18 orc wizards
  Robin (D:2)
  31 gnolls
  6 adders
  A white imp (D:7)
  2 ufetubi (Gauntlet)
  2 worms (D:4)
  A dart slug (D:1)
  74 orcs
  6 ball pythons
  8 endoplasms
  A giant cockroach (D:4)
  28 goblins
  15 hobgoblins
  13 kobolds
  3 quokkas
  4 bats (D:1)
  2 frilled lizards (D:1)
  5 rats
  A spectral orc (D:9)
  3 spectral weapons (Snake:4)
  10 tentacles
2175 creatures vanquished.

Vanquished Creatures (others)
  A tengu reaver (Vaults:5)
  A storm dragon (Zot:4)
  A ghost moth (Zot:5)
  A fire giant (Depths:4)
  A yellow draconian (Depths:4)
  A deep elf knight (Elf:1)
  A deep troll (Vaults:1)
  2 deep elf pyromancers
  An orc warrior (Elf:3)
  A human (D:10)
  A boggart (Vaults:2)
  A bush (Lair:5)
  18 fungi
  121 plants
  30 tentacles
  A withered plant (Desolation)
183 creatures vanquished.

Grand Total: 2358 creatures vanquished

Notes
Turn   | Place    | Note
-------+----------+-------------------------------------------
     0 | D:1      | Caliliti the Hill Orc Fighter began the quest for the Orb.
     0 | D:1      | Reached XP level 1. HP: 19/19 MP: 1/1
   112 | D:1      | Reached XP level 2. HP: 26/26 MP: 2/2
   138 | D:1      | Found a faded altar of an unknown god.
   307 | D:1      | Reached XP level 3. HP: 26/31 MP: 3/3
   975 | D:2      | Noticed Robin
   979 | D:2      | Noticed Sigmund
   982 | D:2      | Killed Robin
   983 | D:2      | Reached skill level 5 in Axes
   998 | D:2      | Killed Sigmund
   999 | D:2      | Reached XP level 4. HP: 16/39 MP: 4/4
   999 | D:2      | Reached XP level 5. HP: 19/45 MP: 5/5
  1460 | D:3      | Noticed Terence
  1471 | D:3      | Killed Terence
  1472 | D:3      | Reached XP level 6. HP: 42/51 MP: 6/6
  1624 | D:3      | Found a hide-covered altar of Uskayaw.
  1647 | D:3      | Noticed Grinder
  1668 | D:3      | Killed Grinder
  1669 | D:3      | Reached XP level 7. HP: 53/57 MP: 7/7
  1712 | D:3      | Noticed Ijyb
  1716 | D:3      | Killed Ijyb
  1822 | D:3      | Noticed Natasha
  1824 | D:3      | Noticed Jessica
  1831 | D:3      | Reached skill level 10 in Axes
  1836 | D:3      | Killed Natasha
  1839 | D:3      | Killed Jessica
  1840 | D:3      | Reached skill level 4 in Fighting
  1972 | D:3      | Noticed Natasha
  1975 | D:3      | Killed Natasha
  2101 | D:4      | Found a shadowy altar of Dithmenos.
  2193 | D:4      | Identified the +6 dagger of Cheese {chaos, rF+ Str-4 Dex+3}
  2274 | D:4      | Found a transporter.
  2276 | D:4      | Noticed rundlesten's ghost (amateur OpHW)
  2281 | D:4      | Found a transporter.
  2297 | D:4      | Reached skill level 5 in Fighting
  2299 | D:4      | Killed rundlesten's ghost
  2300 | D:4      | Reached XP level 8. HP: 61/69 MP: 8/8
  2658 | D:5      | Entered Level 5 of the Dungeon
  2670 | D:5      | Found a runed translucent door.
  2673 | D:5      | Noticed PiratePeteNZ's ghost (novice FoFi)
  2684 | D:5      | Killed PiratePeteNZ's ghost
  2685 | D:5      | Reached skill level 6 in Fighting
  2852 | D:5      | Reached skill level 5 in Armour
  2852 | D:5      | Reached skill level 5 in Shields
  3000 | D:5      | Reached skill level 7 in Fighting
  3043 | D:5      | Found a staircase to the Ecumenical Temple.
  3050 | Temple   | Entered the Ecumenical Temple
  3057 | Temple   | Became a worshipper of Warmaster Okawaru
  3266 | D:5      | Reached XP level 9. HP: 74/79 MP: 9/9
  3635 | D:6      | Reached skill level 8 in Fighting
  3643 | D:6      | Reached * piety under Okawaru
  3706 | D:6      | Noticed Edmund
  3718 | D:6      | Killed Edmund
  3761 | D:6      | Found a white marble altar of Elyvilon.
  3764 | D:6      | Noticed Prince Ribbit
  3785 | D:6      | Killed Prince Ribbit
  3913 | D:6      | Found a broken altar of Ashenzari.
  3922 | D:6      | Identified the +2 trident of the Big Bang {spect, rElec
                  | Int+5 Dex+3}
  4046 | D:6      | Reached skill level 9 in Fighting
  4252 | D:6      | Noticed Menkaure
  4254 | D:6      | Killed Menkaure
  4401 | D:6      | Reached ** piety under Okawaru
  4586 | D:7      | Found a glowing golden altar of the Shining One.
  4677 | D:7      | Reached XP level 10. HP: 91/91 MP: 10/10
  5200 | D:7      | Reached skill level 10 in Fighting
  5319 | D:7      | Found a sparkling altar of Nemelex Xobeh.
  5480 | D:8      | Found an ornate altar of the Wu Jian Council.
  5855 | D:8      | Reached *** piety under Okawaru
  6654 | D:9      | Found a sacrificial altar of Ru.
  6678 | D:9      | Found a staircase to the Lair.
  6693 | D:9      | Reached skill level 11 in Fighting
  6731 | D:9      | Noticed a two-headed ogre
  6740 | D:9      | Killed a two-headed ogre
  6740 | D:9      | Reached **** piety under Okawaru
  6914 | D:9      | Reached XP level 11. HP: 92/104 MP: 11/11
  7009 | D:9      | Identified the +1 leather armour of Zeuraija {rPois rC+
                  | Will+ Slay-3}
  7209 | D:9      | Found a basalt altar of Yredelemnul.
  7238 | D:10     | Entered Level 10 of the Dungeon
  7238 | D:10     | Noticed Harold
  7246 | D:10     | Killed Harold
  7247 | D:10     | Reached skill level 12 in Fighting
  7297 | D:10     | Noticed Maggie
  7310 | D:10     | Killed Maggie
  7310 | D:10     | Reached ***** piety under Okawaru
  7366 | D:10     | Found a flagged portal.
  7388 | Bailey   | Entered a bailey
  7514 | Bailey   | Noticed an orc knight
  7516 | Bailey   | Noticed an orc knight
  7526 | Bailey   | Killed an orc knight
  7535 | Bailey   | Killed an orc knight
  7823 | Bailey   | Noticed an orc warlord
  7846 | Bailey   | Killed an orc warlord
  7849 | Bailey   | Reached skill level 13 in Fighting
  7910 | Bailey   | Identified the +7 great sword "Volar" {elec, *Rage rElec
                  | rC+ Str+9}
  8249 | D:10     | Noticed Nergalle
  8260 | D:10     | Killed Nergalle
  8260 | D:10     | Received a gift from Okawaru
  8289 | D:10     | Acquired a manual of Fighting
  8292 | D:10     | Acquired a manual of Shields
  8363 | D:10     | Found an ancient bone altar of Kikubaaqudgha.
  8401 | D:10     | Noticed Psyche
  8410 | D:10     | Killed Psyche
  8857 | Lair:1   | Entered Level 1 of the Lair of Beasts
  8870 | Lair:1   | Reached skill level 14 in Fighting
  8870 | Lair:1   | Reached XP level 12. HP: 110/117 MP: 12/12
  8875 | Lair:1   | Received a gift from Okawaru
  8882 | Lair:1   | Reached skill level 10 in Shields
  9134 | Lair:1   | Noticed a death yak
  9134 | Lair:1   | Noticed a death yak
  9135 | Lair:1   | Noticed a death yak
  9135 | Lair:1   | Noticed a death yak
  9135 | Lair:1   | Noticed a death yak
  9156 | Lair:1   | Killed a death yak
  9157 | Lair:1   | Reached skill level 15 in Fighting
  9162 | Lair:1   | Killed a death yak
  9167 | Lair:1   | Killed a death yak
  9171 | Lair:1   | Killed a death yak
  9172 | Lair:1   | Killed a death yak
  9581 | Lair:1   | Reached skill level 10 in Armour
  9864 | Lair:1   | Reached skill level 16 in Fighting
  9873 | Lair:1   | Reached skill level 1 in Invocations
 10269 | Lair:2   | Noticed a catoblepas
 10276 | Lair:2   | Found a staircase to the Shoals.
 10309 | Lair:2   | Killed a catoblepas
 10310 | Lair:2   | Reached skill level 17 in Fighting
 10529 | Lair:2   | Gained mutation: You are frail. (-10% HP) [potion of
                  | mutation]
 10529 | Lair:2   | Gained mutation: Your flesh is cold resistant. (rC+)
                  | [potion of mutation]
 10529 | Lair:2   | Gained mutation: You have a pair of small horns on your
                  | head. [potion of mutation]
 10530 | Lair:2   | Lost mutation: You are frail. (-10% HP) [potion of
                  | mutation]
 10530 | Lair:2   | Lost mutation: You have a pair of small horns on your head.
                  | [potion of mutation]
 10530 | Lair:2   | Lost mutation: Your flesh is cold resistant. (rC+) [potion
                  | of mutation]
 10530 | Lair:2   | Gained mutation: You passively dampen the noise of your
                  | surroundings. [potion of mutation]
 10630 | Lair:2   | Found a staircase to the Snake Pit.
 10638 | Lair:2   | Reached XP level 13. HP: 132/132 MP: 15/15
 10647 | Lair:2   | Reached skill level 15 in Axes
 10885 | Lair:2   | Identified the +8 storm dragon scales of Gyceth {rElec rN+
                  | rCorr} (Okawaru gifted it to you on level 2 of the Lair of
                  | Beasts)
 10885 | Lair:2   | Received a gift from Okawaru
 11907 | Lair:3   | Reached skill level 18 in Fighting
 12400 | Lair:4   | Reached skill level 5 in Invocations
 12714 | Lair:4   | Found a staircase to the Slime Pits.
 12716 | Lair:4   | Found a viscous altar of Jiyva.
 13073 | Lair:4   | Identified the +0 robe "Qeoky" {Regen+ Int+2 Dex+7}
                  | (Okawaru gifted it to you on level 4 of the Lair of Beasts)
 13073 | Lair:4   | Received a gift from Okawaru
 13293 | Lair:4   | Reached skill level 19 in Fighting
 13296 | Lair:4   | Reached ****** piety under Okawaru
 13591 | Lair:5   | Entered Level 5 of the Lair of Beasts
 13591 | Lair:5   | Found a gate leading to a gauntlet.
 13602 | Gauntlet | Entered a Gauntlet
 13602 | Gauntlet | Found a transporter.
 13602 | Gauntlet | Found a transporter.
 13609 | Gauntlet | Found a transporter.
 13627 | Gauntlet | Found a transporter.
 13653 | Gauntlet | Found a transporter.
 13663 | Gauntlet | Found a transporter.
 13668 | Gauntlet | Noticed a dire elephant
 13685 | Gauntlet | Found a transporter.
 13777 | Gauntlet | Found a transporter.
 13795 | Gauntlet | Found a transporter.
 13878 | Gauntlet | Found a transporter.
 13972 | Gauntlet | Found a transporter.
 13982 | Gauntlet | Found the +3 pair of gauntlets of War {Slay+5}
 13994 | Gauntlet | Identified the +1 ring mail of Toscha {rN+ Regen+}
 14011 | Gauntlet | Found a large runed translucent door.
 14012 | Gauntlet | Found a large runed translucent door.
 14013 | Gauntlet | Found a large runed translucent door.
 14013 | Gauntlet | Found a large runed translucent door.
 14013 | Gauntlet | Found a runed translucent door.
 14014 | Gauntlet | Found a large runed translucent door.
 14015 | Gauntlet | Found a transporter.
 14015 | Gauntlet | Found a large runed translucent door.
 14016 | Gauntlet | Found a large runed translucent door.
 14016 | Gauntlet | Found a large runed translucent door.
 14017 | Gauntlet | Found a runed translucent gate.
 14019 | Gauntlet | Found a transporter.
 14020 | Gauntlet | Found a runed translucent door.
 14021 | Gauntlet | Found a large runed translucent door.
 14021 | Gauntlet | Found a large runed translucent door.
 14021 | Gauntlet | Found a large runed translucent door.
 14021 | Gauntlet | Found a large runed translucent door.
 14022 | Gauntlet | Found a large runed translucent door.
 14022 | Gauntlet | Found a large runed translucent door.
 14023 | Gauntlet | Found a large runed translucent door.
 14023 | Gauntlet | Found a large runed translucent door.
 14027 | Gauntlet | Found a runed translucent gate.
 14027 | Gauntlet | Found a runed translucent gate.
 14028 | Gauntlet | Found a transporter.
 14056 | Gauntlet | Identified the +2 pair of boots "Melinah" {Harm}
 14201 | Gauntlet | Noticed a minotaur
 14212 | Gauntlet | Killed a minotaur
 14213 | Gauntlet | Reached XP level 14. HP: 134/146 MP: 18/18
 15191 | Lair:5   | Received a gift from Okawaru
 15422 | Lair:5   | Identified the +0 pair of boots of the Desert {rElec Slay+2
                  | Stlth+} (Okawaru gifted it to you on level 5 of the Lair of
                  | Beasts)
 15422 | Lair:5   | Received a gift from Okawaru
 15766 | Lair:5   | Reached skill level 20 in Fighting
 16146 | Lair:5   | Reached skill level 15 in Shields
 16557 | D:11     | Noticed Sonja
 16560 | D:11     | Killed Sonja
 16730 | D:11     | Reached XP level 15. HP: 155/155 MP: 21/21
 17054 | D:11     | Found a staircase to the Orcish Mines.
 17388 | Orc:1    | Entered Level 1 of the Orcish Mines
 17468 | Orc:1    | Found a roughly hewn altar of Beogh.
 17522 | Orc:1    | Found a roughly hewn altar of Beogh.
 17655 | Orc:2    | Entered Level 2 of the Orcish Mines
 17655 | Orc:2    | Found a staircase to the Elven Halls.
 17936 | Orc:2    | Identified the +1 hand axe "Nettedwu" {antimagic, rN+
                  | Dex+3} (Okawaru gifted it to you on level 2 of the Orcish
                  | Mines)
 17936 | Orc:2    | Received a gift from Okawaru
 17949 | Orc:2    | Found a roughly hewn altar of Beogh.
 18303 | Orc:2    | Found Enitatar's Armour Shoppe.
 18348 | Orc:2    | Found Apejec's Assorted Antiques.
 18414 | Orc:2    | Found Wefrohe's Armour Shoppe.
 18431 | Orc:2    | Reached skill level 10 in Invocations
 18789 | Orc:2    | Found Tykuus's Weapon Shop.
 19066 | Orc:2    | Found Zuclyhot's Distillery.
 19312 | D:3      | Noticed Natasha
 19314 | D:3      | Killed Natasha
 19815 | D:12     | Identified the +1 leather armour of Amorality {Slay+2}
 19818 | D:12     | Noticed Fannar
 19842 | D:12     | Killed Fannar
 20344 | D:13     | Received a gift from Okawaru
 21344 | D:14     | Found a gate to the Vaults.
 21982 | D:14     | Reached XP level 16. HP: 151/165 MP: 24/24
 21987 | D:14     | Reached skill level 1 in Evocations
 22268 | D:14     | Got Quysecw's Thoughts on Shades
 22570 | D:15     | Entered Level 15 of the Dungeon
 22717 | D:15     | Found a staircase to the Depths.
 23071 | D:15     | Acquired a manual of Stealth
 24007 | D:15     | Reached skill level 21 in Fighting
 24007 | D:15     | Reached skill level 1 in Stealth
 24226 | Snake:1  | Entered Level 1 of the Snake Pit
 24257 | Snake:1  | Received a gift from Okawaru
 25272 | Snake:1  | Identified the +8 war axe of the Bear {speed, Will+ Str-2
                  | Int+2} (Okawaru gifted it to you on level 1 of the Snake
                  | Pit)
 25272 | Snake:1  | Received a gift from Okawaru
 25759 | Snake:2  | You are sucked into a shaft and drop 1 floor!
 25765 | Snake:3  | Noticed Vashnia
 25790 | Snake:3  | Killed Vashnia
 26030 | Snake:3  | Found a runed translucent gate.
 26030 | Snake:3  | Found a runed translucent gate.
 26031 | Snake:3  | Found a runed translucent gate.
 26037 | Snake:3  | Noticed Sagen's ghost (adept DrCj)
 26546 | Snake:3  | Killed Sagen's ghost
 26651 | Snake:4  | Entered Level 4 of the Snake Pit
 26706 | Snake:4  | Reached skill level 5 in Stealth
 26735 | Snake:4  | Noticed Asterion
 26759 | Snake:4  | Killed Asterion
 26759 | Snake:4  | Identified the +0 pair of gloves of Jawk {rC- Int+3 Stlth+}
                  | (Okawaru gifted it to you on level 4 of the Snake Pit)
 26759 | Snake:4  | Received a gift from Okawaru
 26767 | Snake:4  | Reached XP level 17. HP: 106/173 MP: 21/26
 26783 | Snake:4  | Acquired the +1 kite shield of the Vacuum {Regen+}
 26784 | Snake:4  | Acquired 991 gold pieces
 26785 | Snake:4  | Acquired 773 gold pieces
 26786 | Snake:4  | Acquired a manual of Armour
 27428 | Snake:4  | Reached skill level 5 in Evocations
 27500 | Snake:4  | Reached skill level 15 in Armour
 27640 | Snake:4  | Identified the +4 helmet "Yqu Vojo" {Drain rPois rCorr
                  | Str-4} (Okawaru gifted it to you on level 4 of the Snake
                  | Pit)
 27640 | Snake:4  | Received a gift from Okawaru
 27853 | Snake:4  | Got a serpentine rune of Zot
 28203 | Snake:2  | Identified the ring "Duaph" {rC+ Will+ rCorr Int+6 Dex+4}
 28652 | Snake:2  | Reached skill level 22 in Fighting
 28911 | Shoals:1 | Entered Level 1 of the Shoals
 28913 | Shoals:1 | Noticed a kraken
 28931 | Shoals:1 | Killed a kraken
 28974 | Shoals:1 | Noticed a kraken
 28989 | Shoals:1 | Killed a kraken
 28990 | Shoals:1 | Reached XP level 18. HP: 150/184 MP: 28/28
 29033 | Shoals:1 | Identified the +6 chain mail of the Pit {Rampage rF+}
                  | (Okawaru gifted it to you on level 1 of the Shoals)
 29033 | Shoals:1 | Received a gift from Okawaru
 29251 | Shoals:1 | Noticed Jorgrun
 29263 | Shoals:1 | Killed Jorgrun
 29578 | Shoals:1 | Noticed Aizul
 29591 | Shoals:1 | Killed Aizul
 29848 | Shoals:1 | Identified Roxanne's Commentary on the Tektite
 29848 | Shoals:1 | Noticed Roxanne
 29992 | Shoals:1 | You are sucked into a shaft and drop 1 floor!
 30172 | Shoals:2 | Noticed Polyphemus
 30190 | Shoals:2 | Killed Polyphemus
 30334 | Shoals:2 | Noticed Frances
 30353 | Shoals:2 | Killed Frances
 30353 | Shoals:2 | Identified the +0 buckler of Ucruteeh {rC+ Dex+3} (Okawaru
                  | gifted it to you on level 2 of the Shoals)
 30353 | Shoals:2 | Received a gift from Okawaru
 30372 | Shoals:2 | Reached skill level 10 in Stealth
 31062 | Shoals:3 | Noticed Louise
 31092 | Shoals:3 | Killed Louise
 31472 | Shoals:3 | Reached XP level 19. HP: 160/193 MP: 29/29
 31994 | Shoals:4 | Entered Level 4 of the Shoals
 32098 | Shoals:4 | Noticed Bai Suzhen
 32128 | Shoals:4 | Killed Bai Suzhen
 32540 | Shoals:4 | Reached skill level 1 in Dodging
 32545 | Shoals:4 | Reached skill level 23 in Fighting
 32633 | Shoals:4 | Got a barnacled rune of Zot
 32727 | Shoals:4 | Identified the +2 hat of Activism {+Blink rElec Regen+}
                  | (Okawaru gifted it to you on level 4 of the Shoals)
 32727 | Shoals:4 | Received a gift from Okawaru
 32743 | Shoals:4 | Identified the staff of conjuration "Ysopn" {Dex+6}
 33344 | Shoals:4 | Found the +16 obsidian axe {drain, demonic, Mesm Drain Fly
                  | SInv}
 33710 | Elf:1    | Entered Level 1 of the Elven Halls
 33806 | Arena    | Entered the Arena
 34119 | Elf:1    | Found Wafolei's Magic Scroll Emporium.
 34258 | Elf:1    | Found Heifosch's Weapon Shoppe.
 34405 | Elf:1    | Found Keynuteif's Jewellery Shoppe.
 34406 | Elf:1    | Found Onyeph's Book Boutique.
 34408 | Elf:1    | Found Laekhef's Jewellery Shoppe.
 34723 | Elf:2    | Found Ystruawa's Antique Armour Emporium.
 34733 | Elf:2    | Bought a pair of runed boots for 277 gold pieces
 34754 | Elf:2    | Identified the +9 spear of Jihircho {protect, *Rage
                  | *Corrode rN+++ Int+3}
 35042 | Elf:2    | Received a gift from Okawaru
 35048 | Elf:2    | Reached skill level 1 in Throwing
 35168 | Elf:2    | Reached XP level 20. HP: 185/204 MP: 30/30
 35181 | Elf:2    | Found a runed translucent gate.
 35182 | Elf:2    | Found a runed translucent gate.
 35182 | Elf:2    | Found a runed translucent gate.
 35467 | Elf:2    | Reached skill level 10 in Evocations
 35648 | Elf:2    | Reached skill level 5 in Dodging
 35670 | Elf:2    | Received a gift from Okawaru
 35822 | Elf:3    | Entered Level 3 of the Elven Halls
 35871 | Elf:3    | Noticed Donald
 35879 | Elf:3    | Noticed Saint Roka
 35887 | Elf:3    | Killed Donald
 35913 | Elf:3    | Killed Saint Roka
 36246 | Elf:3    | Received a gift from Okawaru
 36294 | Elf:3    | Identified the +2 war axe of Exchange {freeze, rN+ Str+7}
                  | (Okawaru gifted it to you on level 3 of the Elven Halls)
 36294 | Elf:3    | Received a gift from Okawaru
 36349 | Elf:3    | Identified the amulet "Amucvyegg" {RegenMP Str+5}
 36412 | Elf:3    | Identified the +2 robe of Soijal {Rampage rPois rF+ rC+}
 36422 | Elf:3    | Identified the staff of earth "Inei" {Fly}
 36460 | Elf:3    | Identified the +0 quarterstaff "Toobry Lelemp" {drain, rN+
                  | Str+3}
 36468 | Elf:3    | Identified the +11 morningstar "Visch" {flame, Will+ Int+3
                  | Stlth+}
 36543 | Elf:3    | Identified the +5 sling of Nal Tud {freeze, rC+}
 36930 | Elf:3    | Got the Vellum of Volatile Correspondence
 36936 | Elf:3    | Identified the staff of air "Porenusu" {rElec Will+ Int+2}
 37448 | Shoals:1 | Killed Roxanne
 37920 | Orc:2    | Bought the +9 plate armour of Pusof {rF+ rCorr Int-3
                  | Stlth+} for 1429 gold pieces
 38896 | Elf:1    | Bought a +5 ring of evasion for 504 gold pieces
 39037 | Vaults:1 | Entered Level 1 of the Vaults
 39855 | Vaults:1 | Identified the +0 scale mail "Waxkuy Keypn" {-Cast Will+
                  | Regen+} (Okawaru gifted it to you on level 1 of the Vaults)
 39855 | Vaults:1 | Received a gift from Okawaru
 39912 | Vaults:1 | Reached XP level 21. HP: 213/213 MP: 31/31
 40520 | Vaults:2 | Reached skill level 5 in Throwing
 40683 | Vaults:2 | Reached skill level 24 in Fighting
 40977 | Vaults:2 | Found Uqoufraf's Book Emporium.
 41366 | Vaults:2 | Received a gift from Okawaru
 42298 | Vaults:3 | Received a gift from Okawaru
 42491 | Vaults:3 | Found a staircase to the Crypt.
 42993 | Vaults:3 | Reached XP level 22. HP: 224/224 MP: 32/32
 43289 | Vaults:4 | Received a gift from Okawaru
 43310 | Vaults:4 | Found a crumbling gateway.
 43338 | Desolati | Entered the Desolation of Salt
 43385 | Desolati | Reached skill level 10 in Dodging
 43446 | Desolati | Identified the +0 pair of gloves "Zotouweeps" {rN+ Int+3
                  | Dex+3}
 43452 | Desolati | Received a gift from Okawaru
 43542 | Desolati | Identified the +5 broad axe "Woirashro" {spect, rPois Str+6
                  | Dex-2 SInv} (Okawaru gifted it to you in the Desolation of
                  | Salt)
 43542 | Desolati | Received a gift from Okawaru
 43560 | Desolati | Identified the ring "Sunos" {rElec Will+ MP+9 SInv}
 43567 | Desolati | Identified the ring "Gurhom" {rCorr Str+2 Int+6 Dex+4}
 43655 | Desolati | Found the +7 Spriggan's Knife {stab, EV+4 Stlth+}
 43666 | Desolati | Identified the amulet "Koew" {RegenMP +Blink Dex+4 Stlth+}
 43693 | Desolati | Found the +7 sceptre of Torment {pain, torment}
 43897 | Desolati | Identified the ring of Nepsuruh {rC+ Will+ Dex+2}
 43927 | Desolati | Found the +12 glaive of Prune {freeze, Prune}
 43984 | Desolati | Identified the ring of the Firefly {rF+ Will+ Dex-2 SInv}
 44080 | Desolati | Received a gift from Okawaru
 44101 | Desolati | Got the Omnibus of Kinetic Energy
 44168 | Desolati | Identified the -1 pair of boots of the New World {rPois rC+
                  | MP+9}
 45228 | Vaults:4 | Reached skill level 25 in Fighting
 45747 | Vaults:4 | Received a gift from Okawaru
 45842 | Vaults:5 | Entered Level 5 of the Vaults
 45852 | Vaults:5 | Reached XP level 23. HP: 189/234 MP: 27/33
 45958 | Vaults:5 | Identified the ring of Ascent {rF+ rC+}
 46117 | Vaults:5 | Noticed Boris
 46135 | Vaults:5 | Killed Boris
 46146 | Vaults:5 | Identified the +3 scale mail of the Other World {rF++
                  | rCorr}
 46218 | Vaults:5 | Identified the staff of death "Kycowy" {*Slow rN+ Will+
                  | Str+4 SInv}
 46238 | Vaults:5 | Identified the staff of death "Fiwnius" {rPois rN+ Will++}
 46371 | Vaults:5 | Identified the +3 whip of the Turnip {freeze, Drain rC+
                  | Dex+3}
 46397 | Vaults:5 | Identified the +0 cloak "Soase" {rF- rN++}
 46437 | Vaults:5 | Noticed a dread lich
 46450 | Vaults:5 | Killed a dread lich
 46498 | Vaults:5 | Found the +3 Elemental Staff {rElec rF+ rC+ AC+3}
 46520 | Vaults:5 | Received a gift from Okawaru
 46545 | Vaults:5 | Got a silver rune of Zot
 46839 | Vaults:5 | Received a gift from Okawaru
 46850 | Vaults:5 | Found Mealeles's Distillery.
 46862 | Vaults:5 | Bought a potion of heal wounds for 110 gold pieces
 46862 | Vaults:5 | Bought a potion of cancellation for 176 gold pieces
 46862 | Vaults:5 | Bought a potion of ambrosia for 176 gold pieces
 46870 | Vaults:5 | Found Ciafar's Magic Scroll Shop.
 46870 | Vaults:5 | Found Elogasch's Distillery.
 46966 | Vaults:5 | Found Xadwois's Magic Scroll Boutique.
 47005 | Vaults:5 | Found Iteusiot's Magic Scroll Boutique.
 47010 | Vaults:5 | Bought a scroll of enchant armour for 75 gold pieces
 47021 | Vaults:5 | Found Liolang's Magic Scroll Shoppe.
 47104 | Vaults:5 | Noticed a golden dragon
 47115 | Vaults:5 | Killed a golden dragon
 47245 | Vaults:5 | Identified the +1 arbalest "Wepeumics" {heavy, MP+9}
 47306 | Vaults:5 | Reached skill level 10 in Throwing
 47342 | Vaults:5 | Identified the +2 sling "Roics" {elec, Str+2}
 47847 | Depths:1 | Entered Level 1 of the Depths
 47851 | Depths:1 | Identified the +0 buckler "Rookkofu" {Int+3 Slay+3}
                  | (Okawaru gifted it to you on level 1 of the Depths)
 47851 | Depths:1 | Received a gift from Okawaru
 48028 | Depths:1 | Found a gateway to Hell.
 48094 | Depths:1 | Reached skill level 26 in Fighting
 48094 | Depths:1 | Reached XP level 24. HP: 214/242 MP: 33/33
 48139 | Depths:1 | Found a one-way gate to the infinite horrors of the Abyss.
 48269 | Depths:1 | Found a one-way gateway to a ziggurat.
 49291 | Depths:2 | Reached skill level 15 in Evocations
 49581 | Depths:2 | Identified the +5 ring mail "Gyussub" {Harm rC+ Str-3
                  | Dex+3}
 49622 | Depths:2 | Found a one-way gate leading to the halls of Pandemonium.
 49723 | Depths:2 | Received a gift from Okawaru
 50039 | Depths:2 | Identified the orb of Vlad {guile, Str+4}
 50230 | Depths:3 | Found a corrupted altar of Lugonu.
 50327 | Depths:3 | Received a gift from Okawaru
 50566 | Depths:3 | Identified the +2 robe "Baaly" {rN+ Str-2 Dex+4} (Okawaru
                  | gifted it to you on level 3 of the Depths)
 50566 | Depths:3 | Received a gift from Okawaru
 51075 | Depths:3 | Noticed Xtahua
 51093 | Depths:3 | Killed Xtahua
 51816 | Depths:4 | Entered Level 4 of the Depths
 51848 | Depths:4 | Noticed a caustic shrike
 51848 | Depths:4 | Noticed a caustic shrike
 51849 | Depths:4 | Noticed a caustic shrike
 51875 | Depths:4 | Killed a caustic shrike
 51875 | Depths:4 | Killed a caustic shrike
 51885 | Depths:4 | Killed a caustic shrike
 52081 | Depths:4 | Reached skill level 1 in Translocations
 52088 | Depths:4 | Reached skill level 1 in Spellcasting
 52102 | Depths:4 | Reached XP level 25. HP: 217/255 MP: 33/33
 52257 | Depths:4 | Received a gift from Okawaru
 52317 | Depths:4 | Paralysed by a floating eye for 4 turns
 52508 | Depths:4 | Found a glowing silver altar of Zin.
 52510 | Depths:4 | Found a white marble altar of Elyvilon.
 52510 | Depths:4 | Found a glowing golden altar of the Shining One.
 52545 | Depths:4 | Found a gate to the Realm of Zot.
 52565 | Depths:4 | Received a gift from Okawaru
 52991 | Zot:1    | Entered Level 1 of the Realm of Zot
 53007 | Zot:1    | Identified the ring of the Circus Animal {*Corrode rElec
                  | rF+ Dex+3 SInv}
 53071 | Zot:1    | Reached skill level 27 in Fighting
 54145 | Zot:2    | Identified the +5 ring mail of Purpose {+Inv rC- Str+3
                  | Dex+3}
 54233 | Zot:2    | Noticed an orb of fire
 54239 | Zot:2    | Gained mutation: You have supernaturally acute eyesight.
                  | (SInv) [an orb of fire]
 54245 | Zot:2    | Gained mutation: You occasionally lose the ability to drink
                  | potions when taking damage. [an orb of fire]
 54250 | Zot:2    | Gained mutation: You are vulnerable to heat. (rF-) [an orb
                  | of fire]
 54252 | Zot:2    | Killed an orb of fire
 54252 | Zot:2    | Received a gift from Okawaru
 54349 | Zot:1    | Lost mutation: You are vulnerable to heat. (rF-) [potion of
                  | mutation]
 54349 | Zot:1    | Lost mutation: You have supernaturally acute eyesight.
                  | (SInv) [potion of mutation]
 54349 | Zot:1    | Lost mutation: You passively dampen the noise of your
                  | surroundings. [potion of mutation]
 54349 | Zot:1    | Gained mutation: You are occasionally teleported next to
                  | monsters. [potion of mutation]
 54349 | Zot:1    | Lost mutation: You occasionally lose the ability to drink
                  | potions when taking damage. [potion of mutation]
 54349 | Zot:1    | Gained mutation: Your mind is acute. (Int +4, Str/Dex -1)
                  | [potion of mutation]
 54542 | Zot:2    | Received a gift from Okawaru
 54865 | Zot:2    | Received a gift from Okawaru
 55217 | Zot:2    | Identified the +8 broad axe of Kuemon {heavy, Str+3}
                  | (Okawaru gifted it to you on level 2 of the Realm of Zot)
 55217 | Zot:2    | Received a gift from Okawaru
 55444 | Zot:3    | Found the +4 dragonskin cloak
 55444 | Zot:3    | Noticed Tiamat
 55519 | Zot:3    | Killed Tiamat
 55689 | Zot:3    | HP: 9/257 [red draconian scorcher/damnation (42)]
 55690 | Arena    | Entered the Arena
 55702 | Arena    | Reached XP level 26. HP: 61/266 MP: 33/33
 55726 | Zot:3    | Reached skill level 5 in Translocations
 55906 | Zot:3    | Received a gift from Okawaru
 56054 | Zot:3    | Identified the ring of the Shining Light {rElec rCorr Str+6
                  | Int-4 Slay+3}
 56143 | Zot:3    | Identified the +1 leather armour of the Iron City of Dis
                  | {Str+4}
 56288 | Zot:3    | Received a gift from Okawaru
 56630 | Zot:3    | Reached skill level 5 in Spellcasting
 56817 | Zot:3    | Noticed Parghit
 56827 | Zot:3    | Killed Parghit
 56827 | Zot:3    | Identified the +6 hand axe of Fate {venom, rC+ Str+2 Int+3}
                  | (Okawaru gifted it to you on level 3 of the Realm of Zot)
 56827 | Zot:3    | Received a gift from Okawaru
 57335 | D:9      | Lost mutation: You are occasionally teleported next to
                  | monsters. [potion of mutation]
 57335 | D:9      | Lost mutation: Your mind is acute. (Int +4, Str/Dex -1)
                  | [potion of mutation]
 57335 | D:9      | Gained mutation: You are partially covered in large bone
                  | plates. (SH +4) [potion of mutation]
 57335 | D:9      | Gained mutation: You have sharp toenails. [potion of
                  | mutation]
 57637 | Arena    | Entered the Arena
 58508 | Zot:4    | Acquired an amulet of regeneration
 58811 | Zot:4    | Gained mutation: You have a pair of small horns on your
                  | head. [mutagenic glow]
 58822 | Zot:4    | Gained mutation: You are weak. (Str -2) [mutagenic glow]
 58835 | Zot:4    | Gained mutation: Your body sometimes deteriorates upon
                  | taking damage. [mutagenic glow]
 59237 | Elf:3    | Lost mutation: You have a pair of small horns on your head.
                  | [potion of mutation]
 59237 | Elf:3    | Lost mutation: You have sharp toenails. [potion of
                  | mutation]
 59237 | Elf:3    | Gained mutation: You expend magic power (3 MP) to
                  | strengthen your wands. [potion of mutation]
 59237 | Elf:3    | Gained mutation: You are robust. (+10% HP) [potion of
                  | mutation]
 59237 | Elf:3    | Gained mutation: You are mostly covered in large bone
                  | plates. (SH +6) [potion of mutation]
 59237 | Elf:3    | Lost mutation: You are weak. (Str -2) [potion of mutation]
 59239 | Elf:3    | Acquired a manual of Transmutations
 59240 | Elf:3    | Acquired a manual of Transmutations
 59596 | Zot:5    | Entered Level 5 of the Realm of Zot
 59716 | Zot:5    | Received a gift from Okawaru
 59732 | Zot:5    | Found a shimmering altar of Xom.
 59755 | Zot:5    | Reached skill level 1 in Transmutations
 59915 | Zot:5    | Noticed an orb of fire
 59915 | Zot:5    | Noticed a Killer Klown
 59915 | Zot:5    | Noticed an orb of fire
 59915 | Zot:5    | Noticed a Killer Klown
 59915 | Zot:5    | Noticed an orb of fire
 59923 | Zot:5    | Gained mutation: Your body often deteriorates upon taking
                  | damage. [an orb of fire]
 59925 | Zot:5    | Gained mutation: You occasionally lose the ability to read
                  | scrolls when taking damage. [an orb of fire]
 59930 | Zot:5    | Noticed a Killer Klown
 59936 | Zot:5    | Noticed a Killer Klown
 59940 | Zot:5    | Killed an orb of fire
 59940 | Zot:5    | Received a gift from Okawaru
 59941 | Zot:5    | Killed an orb of fire
 59943 | Zot:5    | Killed an orb of fire
 59949 | Zot:5    | Killed a Killer Klown
 59987 | Zot:5    | Killed a Killer Klown
 59990 | Zot:5    | Killed a Killer Klown
 60012 | Zot:5    | Killed a Killer Klown
 60012 | Zot:5    | Identified the +4 scale mail "Icziat" {+Blink Str+5}
                  | (Okawaru gifted it to you on level 5 of the Realm of Zot)
 60012 | Zot:5    | Received a gift from Okawaru
 60043 | Arena    | Entered the Arena
 60190 | Zot:5    | Noticed a Killer Klown
 60210 | Zot:5    | Killed a Killer Klown
 60211 | Zot:5    | Reached XP level 27. HP: 297/300 MP: 33/33
 60213 | Zot:5    | Got the Orb of Zot
 60336 | Arena    | Entered the Arena
 60425 | Zot:5    | Noticed Ocodducs the pandemonium lord
 60481 | Zot:5    | Noticed Fuzxafra the pandemonium lord
 60497 | Zot:5    | Noticed an ancient lich
 60521 | Zot:5    | Killed an ancient lich
 60528 | Zot:5    | Noticed an ancient lich
 60528 | Zot:5    | Noticed an ancient lich
 60533 | Zot:5    | Noticed an orb of fire
 60535 | Zot:5    | HP: 7/300 [purple draconian/bolt of dispelling energy (21)]
 60545 | Zot:5    | HP: 10/300 [Ocodducs the pandemonium lord (2)]
 60550 | Zot:5    | HP: 6/300 [Fuzxafra the pandemonium lord (8)]
 60550 | Zot:5    | Noticed a seraph
 60553 | Zot:5    | Mangled by Ocodducs the pandemonium lord

Illustrated notes

Levels and vault maps discovered:
D:1:      nzn_arrival_depleted_hourglass, layout_rooms,
          hellmonk_ecumenical_altar_leap_of_faith, minmay_bisected
D:2:      layout_basic, serial_curves, eino_curves_04, eino_curves_03,
          uniq_robin, uniq_sigmund
D:3:      layout_rooms, overflow_temple_1_default,
          minmay_misc_feat_four_crosses, uniq_terence, uniq_natasha, uniq_ijyb,
          uniq_jessica, uniq_grinder
D:4:      layout_rooms, grunt_dithmenos_smoke, gammafunk_ghost_mausoleum
D:5:      layout_gridville, minmay_temple_entry_enclosed_plants,
          hellmonk_ghost_happy_afterlife, hangedman_abyss_or_decor_stabs
D:6:      layout_loops_cross, mainiacjoe_overflow_chevrons,
          mainiacjoe_overflow_paths, uniq_edmund, uniq_prince_ribbit1,
          uniq_menkaure
D:7:      layout_basic, nemelex_diamond_rough_becter, old_standard_altar
D:8:      layout_gridville, mainiacjoe_overflow_surrounded_room
D:9:      layout_cave_pools, yredelemnul_forgotten_temple_becter,
          nicolae_ru_awakened_eye, dpeg_oklobed_lair
D:10:     layout_cave_pools, tgw_kikubaaqudgha, enter_bailey_3,
          palyth_stone_intersect, hangedman_glass_garden,
          nicolae_concentric_dashed_squares_mild, uniq_nergalle, uniq_psyche,
          uniq_maggie, uniq_harold
D:11:     layout_basic, orc_0_dummy, uniq_sonja
D:12:     layout_rooms, uniq_fannar
D:13:     layout_long_grid, hex_large
D:14:     layout_stronghold, skrybe_vaults_entry_preservation,
          minmay_misc_feat_more_columns, minmay_checkerbox
D:15:     grunt_enter_depths_giant_problem, layout_loops_ring,
          reono_crystal_passage, serial_co_window_serial, co_window_corner_a,
          co_window_of_opportunity_a, co_window_paths_a, co_window_paths_a,
          co_window_corner_a, co_window_paths_b, co_window_broadway_b,
          co_window_corner_cb, co_window_paths_c, co_window_corner_cb,
          co_window_cross_4, co_window_corner_b, glass_columns_a,
          glass_columns_b, glass_columns_b, glass_columns_b
Temple:   nicolae_temple_x_marks_the_god
Lair:1:   layout_chaotic_city, serial_forest, infiniplex_forest_clump_double,
          infiniplex_forest_straight_2, infiniplex_forest_straight_3,
          infiniplex_forest_lined_2, infiniplex_forest_clump_double,
          infiniplex_forest_end_2, infiniplex_forest_clump_long,
          infiniplex_forest_clump_large, nicolae_quartered_pool_super
Lair:2:   layout_loops_ring, minmay_shoals_entry_centaurs,
          nicolae_snake_entry_warm_welcome
Lair:3:   layout_cave_pods, amcnicky_mini_pool_medium, grunt_megastairs_2
Lair:4:   layout_concentric_octagons, minmay_slime_entry_oklob_open,
          infiniplex_staircase_pool, serial_bayou_shore_b, grunt_megastairs_1,
          serial_bayou_shore_b
Lair:5:   minmay_lair_end_enchanted_forest, layout_long_grid,
          gauntlet_entry_generic, serial_bayou_shore_a,
          infiniplex_staircase_pool_2, serial_bayou_shore_b
Shoals:1: layout_shoals, uniq_roxanne, uniq_jorgrun, uniq_aizul
Shoals:2: cheibrodos_shoals_oceanic_diplomacy, layout_shoals, uniq_polyphemus,
          uniq_frances
Shoals:3: layout_shoals, uniq_louise
Shoals:4: shoals_end_hangedman, layout_shoals, uniq_bai_suzhen
Snake:1:  layout_layer_cave, grunt_ministairs_5, grunt_megastairs_5
Snake:2:  layout_rooms, nicolae_snake_bzzzt
Snake:3:  layout_rooms, gammafunk_ghost_split, uniq_vashnia
Snake:4:  grunt_snake_rune_serpentine_throne, layout_cave_town, drop_trap,
          nrook_guardian_serpent_double, uniq_asterion
Orc:1:    layout_caves, basic_altar, minmay_orc_temple_a
Orc:2:    st_orc_town, layout_caves, serial_shops, nicolae_square_shop
Elf:1:    layout_geoelf_octagon, serial_shops, nicolae_shop_peninsula,
          nicolae_square_shop, minivault_28, drop_trap, minmay_shop_grove
Elf:2:    nicolae_elf_blades_crystal_corner, layout_gridlike, serial_shops, shop
Elf:3:    grunt_elf_hall_branching, layout_gridlike,
          roderic_lattice_octagonal_star, uniq_donald, uniq_saint_roka
Vaults:1: ontoclasm_vaults_fault, nicolae_vaults_tangram_1, v_misc_10,
          nicolae_vaults_asterisk, v_misc_10, vaults_room_door_ring,
          layout_vaults_quadrants, serial_glass
Vaults:2: st_diamondy, nicolae_vaults_network_barrier, v_misc_8,
          hangedman_vaults_stretched_pinwheel, nicolae_vaults_sightless_eye,
          dpeg_vaults_monster_box, nicolae_vaults_variable_pillar_hall,
          serial_ice_h, nicolae_vaults_double_plus_1, vaults_room_hallway,
          nicolae_vaults_double_plus_1, layout_vaults_chaotic_city,
          serial_shops, shop
Vaults:3: v_pattern_3, nicolae_vaults_murder_corner, nicolae_vaults_wrenched,
          vaults_standard_mumra_lines, nicolae_vaults_diamond_1,
          nicolae_vaults_theta, vaults_room_octagon,
          minmay_crypt_entry_skeletal_spiral, nicolae_vaults_storage_closets_3,
          nicolae_vaults_ninety_degrees, vaults_room_corners,
          hangedman_vaults_stretched_pinwheel, nicolae_vaults_bisected_slash,
          layout_vaults_omnicross
Vaults:4: portal_desolation_entry_salt, vaults_room_corners,
          nicolae_vaults_trapezoid_3, v_misc_22, nicolae_vaults_swerve,
          hangedman_vaults_snaps, vaults_room_pool, vaults_room_hallway,
          nicolae_vaults_back_hallway, nicolae_vaults_shelves_hall,
          nicolae_vaults_gold_heap, layout_vaults_maze_snakey
Vaults:5: serial_shops, uniq_boris
Depths:1: layout_cave_pools, enter_ziggurat_f, hell_entry,
          hangedman_abyss_or_decor_lesser_grid, hangedman_abyss_entry_splay,
          minmay_misc_feat_x, minislime_mu
Depths:2: hellmonk_destroyed_diamonds, layout_gridlike, dk_noncrumbling_2,
          nicolae_abyss_entry_one_way_or_another, grunt_pan_entry_zigzag,
          hell_entry
Depths:3: minmay_quarter_circles, layout_gridlike, rand_demon_pan_entry_8,
          minivault_14, abyss_entry_flame_altar, hell_entry, uniq_xtahua
Depths:4: grunt_zot_entry_bicorn, layout_gridville, hell_entry,
          good_gods_mini_temple, minmay_statues_item, hangedman_decor_points
Zot:1:    layout_gridlike
Zot:2:    layout_concentric_octagons
Zot:3:    minmay_elemental_castle, layout_concentric_octagons, uniq_tiamat,
          uniq_parghit
Zot:4:    layout_cathedral_of_symmetry
Zot:5:    layout_basic, basic_altar

Skill      XL: |  1  2  3  4  5  6  7  8  9 10 11 12 13 14 15 16 17 18 19 20 21 22 23 24 25 26 27 |
---------------+----------------------------------------------------------------------------------+-----
Axes           | 3 4 7 8 9 10 11 12 13 14 15 17 18 19 20 21 22 23 24 25 | 25.0
Fighting       | 5 7 9 11 14 17 19 20 21 22 23 24 25 26 27 | 27.0
Armour         | 4 5 6 7 9 10 11 12 13 14 16 17 19 20 | 20.9
Shields        | 4 5 6 8 9 11 13 15 16 17 18 | 18.1
Invocations    | 3 6 9 11 12 14 | 14.0
Evocations     | 4 6 8 9 10 12 13 14 15 16 17 | 17.7
Stealth        | 5 8 10 12 | 12.0
Dodging        | 4 7 9 11 13 | 13.0
Throwing       | 1 4 6 8 10 11 13 14 | 14.0
Translocations | 1 4 6 7 |  7.0
Spellcasting   | 1 4 6 |  6.4
Transmutations | 3 4 |  4.5

Action                     |  1- 3 |  4- 6 |  7- 9 | 10-12 | 13-15 | 16-18 | 19-21 | 22-24 | 25-27 || total
---------------------------+-------+-------+-------+-------+-------+-------+-------+-------+-------++-------
  Melee: War axe           |    81 |    44 |   232 |   479 |  1043 |  1305 |  1578 |  1826 |  1130 ||  7718
         Flail             |       |       |       |       |    45 |       |       |       |       ||    45
         Broad axe         |       |       |       |       |       |       |       |       |   182 ||   182
  Throw: Dart              |       |       |     7 |     3 |     3 |       |       |       |       ||    13
         Boomerang         |       |       |       |       |       |       |    11 |    44 |    62 ||   117
         Javelin           |       |       |       |       |       |       |       |       |     7 ||     7
 Invoke: Heroism           |       |       |       |     2 |       |       |     1 |     1 |     7 ||    11
         Finesse           |       |       |       |       |       |     3 |     2 |     8 |     8 ||    21
         Duel              |       |       |       |       |       |       |     1 |       |     4 ||     5
Ability: Evoke Blink       |       |       |       |       |       |       |     1 |     1 |     5 ||     7
  Evoke: Wand              |       |       |       |       |       |       |       |     6 |       ||     6
         Lightning rod     |       |       |       |       |       |       |       |       |     2 ||     2
         Phial of floods   |       |       |       |       |       |       |       |       |     1 ||     1
    Use: Scroll            |       |       |    15 |     7 |    12 |     7 |       |     3 |    10 ||    54
         Potion            |       |       |       |     5 |       |       |     3 |       |    19 ||    27
   Stab: Petrified         |       |       |       |       |     2 |       |       |       |       ||     2
         Sleeping          |       |       |       |       |       |       |     3 |     6 |     1 ||    10
         Distracted        |       |       |       |       |       |       |     1 |     1 |       ||     2
 Armour: Scale mail        |    26 |       |       |       |       |       |       |       |       ||    26
         Ring mail         |    14 |    14 |    75 |    85 |       |       |       |       |       ||   188
         Plate armour      |       |       |       |   120 |    12 |       |    53 |   432 |   367 ||   984
         Storm dragon scal |       |       |       |       |   554 |   461 |   406 |       |       ||  1421
         Gold dragon scale |       |       |       |       |       |       |       |       |   237 ||   237
  Dodge: Dodged            |    33 |    10 |    77 |   157 |   264 |   335 |   348 |   351 |   346 ||  1921
  Block: Buckler           |    16 |     5 |    59 |   197 |   487 |    98 |       |       |       ||   862
         Reflection        |       |       |     1 |     5 |    22 |    13 |    83 |    21 |    10 ||   155
         Tower shield      |       |       |       |       |       |   116 |   208 |  1459 |  1393 ||  3176
         Kite shield       |       |       |       |       |       |   494 |   813 |       |       ||  1307
